 Dungeon Crawl Stone Soup version 0.30-a0-954-gcf5f444c16 (webtiles) character file.

Game seed: 1693244766213144430

58 Jane2 the Chopper (level 3, -5/30 HPs)
             Began as a Minotaur Gladiator on Mar 29, 2023.
             Was a Follower of Trog.
             Slain by a gnoll
             ... wielding a +0 flail
              (8 damage)
             ... on level 2 of the Dungeon.
             The game lasted 00:05:39 (1098 turns).

Jane2 the Chopper (Minotaur Gladiator)              Turns: 1098, Time: 00:05:39

Health: -5/30      AC:  6    Str: 28    XL:     3   Next: 76%
Magic:  2/2        EV: 11    Int:  3    God:    Trog [*.....]
Gold:   131        SH:  0    Dex:  9    Spells: 2/2 levels left

rFire   . . .      SeeInvis .    a - +0 war axe
rCold   + . .      Faith    .    (no shield)
rNeg    . . .      Spirit   .    i - +0 scale mail
rPois   .          Reflect  .    c - +0 hat
rElec   .          Rampage  .    (no cloak)
rCorr   .                        (no gloves)
Will    +....                    (no boots) Stlth
                                 (no amulet)
HPRegen 0.25/turn                g - ring of protection from cold
MPRegen 0.08/turn                (no ring)

@: no status effects
A: horns 2, retaliatory headbutt, strong-willed 1, strong 2
a: Renounce Religion, Berserk


You were on level 2 of the Dungeon.
You worshipped Trog.
Trog was aware of your devotion.
You visited 1 branch of the dungeon, and saw 2 of its levels.

You collected 131 gold pieces.

Inventory:

Hand Weapons
 a - a +0 war axe (weapon)
Missiles
 d - 3 throwing nets (quivered)
 e - a javelin
Armour
 b - a +0 leather armour
 c - a +0 hat (worn)
 i - a +0 scale mail (worn)
Jewellery
 g - a ring of protection from cold (left hand)
Scrolls
 f - a scroll of torment {unknown}
 h - a scroll of poison {unknown}
 k - a scroll of magic mapping {unknown}
 l - a scroll of enchant weapon {unknown}
 m - 2 scrolls of identify {unknown}
 n - a scroll of blinking {unknown}
 o - a scroll of vulnerability {unknown}


   Skills:
 + Level 2.5 Fighting
 + Level 4.9 Axes
 - Level 2.0 Throwing
 + Level 1.4 Armour
 + Level 3.7 Dodging


You had 2 spell levels left.
You didn't know any spells.
Your spell library contained the following spells:

 Spells                   Type           Power      Damage    Failure   Level
 Magic Dart               Conj           0%         1d3       80%         1
 Call Imp                 Summ           0%         N/A       90%         2
 Mephitic Cloud           Conj/Pois/Air  0%         N/A       99%         3


Dungeon Overview and Level Annotations

Branches:
Dungeon (2/15)

Altars:
Trog


Innate Abilities, Weirdness & Mutations

You have a pair of horns on your head.
You reflexively headbutt those who attack you in melee.
You are strong-willed. (Will+)
Your muscles are very strong. (Str +8, Int/Dex -2)


Message History

You kill the frilled lizard!
Trog accepts your kill.
Found two stone staircases leading down.
A goblin comes into view. It is wielding a +0 club.
The goblin shouts!
A gnoll comes into view. It is wielding a +0 club.
The goblin moves out of view.
A gnoll comes into view. It is wielding a +0 spear.
A gnoll comes into view. It is wielding a +0 flail.
The gnoll shouts! x2
You barely miss the gnoll. The gnoll hits you but does no damage.
You hit the gnoll. Your headbutt misses the gnoll.
The gnoll is heavily wounded.
The gnoll hits you with a +0 club.
You hit the gnoll.
The gnoll is severely wounded.
The gnoll hits you with a +0 club.
You hit the gnoll but do no damage.
The gnoll is severely wounded.
The gnoll closely misses you. The gnoll hits you but does no damage.
The gnoll hits you with a +0 club!
The gnoll hits you from afar with a +0 spear.
You hit the gnoll.
The gnoll is almost dead.
The gnoll hits you from afar with a +0 spear!
* * * LOW HITPOINT WARNING * * *
The gnoll hits you with a +0 club.
* * * LOW HITPOINT WARNING * * *
You slash the gnoll!
You kill the gnoll!
Trog accepts your kill. The gnoll barely misses you.
It was a potion of mutation.
You feel extremely strange.
You feel stronger.
You feel strong-willed.
You feel stronger. The gnoll barely misses you.
The gnoll hits you from afar with a +0 spear.
* * * LOW HITPOINT WARNING * * *
You barely miss the gnoll. Your headbutt misses the gnoll.
The gnoll hits you with a +0 flail!
You die...

# ##.###########
###...#........###
##......##.......#
###...#.##.###.#.#
...........# #.#.#
####.##.#### #.#.#
# #.##.######.#.#
#+##........#.#
##########@# #g#.#
#.g###.. #.. ###
.... ###.. ##. #.
#.


You could see 2 gnolls.

Vanquished Creatures
  An adder (D:2)
  A gnoll (D:2)
  4 ball pythons
  6 endoplasms
  A giant cockroach (D:1)
  5 goblins (D:1)
  3 hobgoblins
  2 quokkas (D:1)
  2 bats (D:1)
  4 frilled lizards
  7 kobolds
  A rat (D:2)
37 creatures vanquished.

Notes
Turn   | Place    | Note
-------+----------+-------------------------------------------
     0 | D:1      | Jane2 the Minotaur Gladiator began the quest for the Orb.
     0 | D:1      | Reached XP level 1. HP: 18/18 MP: 0/0
    83 | D:1      | Reached skill level 4 in Axes
    98 | D:1      | Reached XP level 2. HP: 25/25 MP: 1/1
   193 | D:1      | Found a faded altar of an unknown god.
   221 | D:1      | Prayed at the altar of an unknown god.
   221 | D:1      | Became a worshipper of Trog the Wrathful
   221 | D:1      | Reached * piety under Trog
   777 | D:1      | Reached XP level 3. HP: 30/30 MP: 2/2
   781 | D:1      | Reached skill level 1 in Armour
  1097 | D:2      | Gained mutation: Your muscles are strong. (Str +4, Int/Dex
                  | -1) [potion of mutation]
  1097 | D:2      | Gained mutation: You are strong-willed. (Will+) [potion of
                  | mutation]
  1097 | D:2      | Gained mutation: Your muscles are very strong. (Str +8,
                  | Int/Dex -2) [potion of mutation]
  1098 | D:2      | Slain by a gnoll

Illustrated notes

Levels and vault maps discovered:
D:1:      scummos_arrival_hexagon, layout_basic,
          chequers_ecumenical_altar_simple_redux
D:2:      layout_loops_corners, serial_shops, nicolae_shop_window_shopping,
          minmay_circle_x, uniq_natasha

Skill      XL: |  1  2  3 |
---------------+----------+-----
Axes           | 4 |  4.9
Armour         | 1 |  1.4
Fighting       | |  2.5
Throwing       | |  2.0
Dodging        | |  3.7

Action                     || total
---------------------------++-------
  Melee: War axe           ||    77
         Headbutt          ||     8
    Use: Potion            ||     1
 Armour: Leather armour    ||    16
         Scale mail        ||    35
  Dodge: Dodged            ||    61

Table legend: (Time is in decaauts)
 A = Elapsed time spent in this place.
 B = Non-inter-level travel time spent in this place.
 C = Inter-level travel time spent in this place.
 D = Time resting spent in this place.
 E = Time spent auto-exploring this place.
 F = Levels seen in this place.
 G = Mean time per level.
                   A        B        C        D        E       F      G
               +--------+--------+--------+--------+--------+-----+--------+
         Total |   1119 |    911 |    208 |      0 |    492 |   2 |  559.5 |
       Dungeon |   1119 |    911 |    208 |      0 |    492 |   2 |  559.5 |
               +--------+--------+--------+--------+--------+-----+--------+

Top non-repeatable levels by time:
     D:1: 953 daAuts
     D:2: 165 daAuts
